 Dungeon Crawl Stone Soup version 0.24.0-123-gd5b16e6ec5 (webtiles) character file.

Game seed: 11108709414559187310, levelgen mode: deterministic

24742 FishyPogo the Fighter (level 12, 0/113 HPs)
             Began as a Demonspawn Gladiator on Jan 4, 2020.
             Was an Initiate of Gozag.
             Killed from afar by a fire dragon (shapeshifter) (44 damage)
             ... with a blast of flame
             ... in a Gauntlet on Jan 5, 2020.
             The game lasted 01:02:55 (14892 turns).

FishyPogo the Fighter (Demonspawn Gladiator)       Turns: 14892, Time: 01:02:56

Health: 0/113      AC:  9    Str: 20    XL:     12   Next: 83%
Magic:  12/12      EV: 13    Int: 10    God:    Gozag
Gold:   2114       SH:  6    Dex: 14    Spells: 8/11 levels left

rFire    . . .     SeeInvis .   a - +5 mace (freeze)
rCold    + + .     Gourm    .   z - +0 buckler
rNeg     . . .     Faith    .   l - +3 ring mail {rC+}
rPois    +         Spirit   .   (helmet restricted)
rElec    .         Reflect  .   N - +0 cloak
rCorr    .         Harm     .   (no gloves)
MR       .....     NoTele   +   (boots unavailable)
Stlth    +.........             J - amulet of regeneration
HPRegen  0.68/turn              y - ring of protection from cold
MPRegen  0.13/turn              K - +4 ring of slaying

@: studying Stealth
A: antennae 1, claws 1, talons 3, deformed body, demonic guardian 1, poison
resistance, powered by death 2, robust 1, augmentation 1, sturdy frame 1
a: Potion Petition, Call Merchant, Bribe Branch, Renounce Religion


You were in a Gauntlet.
You worshipped Gozag.
Gozag was most pleased with you.
You were hungry.

You visited 2 branches of the dungeon, and saw 16 of its levels.
You also visited: Gauntlet.

You collected 2274 gold pieces.
You paid 160 gold pieces to Gozag.

Inventory:

Hand Weapons
 a - a +5 mace of freezing (weapon)
 b - a +5 hunting sling
 L - a +3 scimitar of flaming
Missiles
 d - 7 throwing nets
 j - 487 stones
 q - 29 poisoned darts
 r - 12 curare-tipped darts
 t - 87 sling bullets
 D - 7 boomerangs of dispersal
 H - 27 boomerangs (quivered)
Armour
 g - a +0 shield
 l - a +3 ring mail of cold resistance (worn)
 z - a +0 buckler (worn)
 M - a +2 robe of fire resistance
 N - a +0 cloak (worn)
 X - the +2 leather armour of the Curious Deaths {-Tele rC++ Int+5}
   (You found it on level 3 of the Lair of Beasts)

   It affects your intelligence (+5).
   It greatly protects you from cold.
   It prevents most forms of teleportation.
Magical Staves
 x - an uncursed staff of energy
Jewellery
 y - a ring of protection from cold (left claw)
 J - an amulet of regeneration (around neck)
 K - a +4 ring of slaying (right claw)
Wands
 h - a wand of flame (70)
 I - a wand of paralysis (9)
 P - a wand of random effects (26)
 S - a wand of digging (6)
 V - a wand of disintegration (17)
Scrolls
 e - 13 scrolls of identify
 i - 4 scrolls of enchant armour
 k - a scroll of magic mapping
 m - 2 scrolls of fear
 n - 4 scrolls of immolation
 p - 3 scrolls of blinking
 A - 11 scrolls of remove curse
 E - 4 scrolls of teleportation
 U - 2 scrolls of enchant weapon
 W - a scroll of fog
 Y - 2 scrolls of amnesia
Potions
 c - a potion of might
 o - a potion of berserk rage
 s - a potion of flight
 u - a potion of magic
 v - 8 potions of curing
 w - 2 potions of lignification
 B - 2 potions of resistance
 C - 3 potions of haste
 G - 2 potions of mutation
 O - a potion of agility
 T - a potion of cancellation
Books
 F - a manual of Stealth
Comestibles
 f - 21 rations


   Skills:
 - Level 12.3 Fighting
 - Level 3.2 Long Blades
 - Level 6.0 Maces & Flails
 - Level 3.7(4.0) Slings
 - Level 2.0(3.1) Throwing
 * Level 11.0 Armour
 - Level 3.0 Dodging
 * Level 8.8 Shields
 + Level 4.5 Summonings
 + Level 0.2 Evocations


You had 8 spell levels left.
You knew the following spells:

 Your Spells              Type           Power        Failure   Level  Hunger
k - Call Canine Familiar  Summ           #.......     22%         3    ####...

Your spell library contained the following spells:

 Spells                   Type           Power        Failure   Level  Hunger
 Summon Butterflies       Summ           #.......     8%          1    ##.....
 Summon Small Mammal      Summ           #...         8%          1    ##.....
 Call Imp                 Summ           #.......     11%         2    ###....
 Apportation              Tloc           #.....       43%         1    ##.....
 Magic Dart               Conj           #...         43%         1    ##.....
 Shock                    Conj/Air       #...         43%         1    ##.....
 Summon Guardian Golem    Hex/Summ       #.......     50%         3    ####...
 Searing Ray              Conj           #.....       56%         2    ###....
 Swiftness                Chrm/Air       #.......     56%         2    ###....
 Dazzling Spray           Conj/Hex       #.....       80%         3    ####...
 Lesser Beckoning         Tloc           #.........   80%         3    ####...
 Static Discharge         Conj/Air       #.......     80%         3    ####...
 Tukima's Dance           Hex            #.......     80%         3    ####...
 Summon Ice Beast         Ice/Summ       #.......     88%         4    #####..
 Summon Lightning Spire   Summ/Air       #.......     88%         4    #####..
 Airstrike                Air            #.........   99%         4    #####..
 Force Lance              Conj/Tloc      #.......     99%         4    #####..
 Fulminant Prism          Conj/Hex       #.........   99%         4    #####..
 Iskenderun's Mystic Bla  Conj           #.......     99%         4    #####..
 Alistair's Intoxication  Tmut/Pois      #.......     100%        5    ######.
 Lightning Bolt           Conj/Air       #.........   100%        5    ######.
 Invisibility             Hex            #.......     100%        6    #######


Dungeon Overview and Level Annotations

Branches:
Dungeon (12/15)            Temple (0/1) D:7            Lair (4/6) D:9
 Shoals (0/4) Lair:2       Spider (0/4) Lair:3          Orc (0/2) D:11
Gauntlet (1/1)

Altars:
Ashenzari
Dithmenos
Elyvilon
Fedhas
Gozag
Qazlal
Ru
Sif Muna
Trog
Uskayaw
Xom
Yredelemnul
The Shining One

Shops:
D:10 }

Annotations:
D:9 3 runed translucent doors, kalodont's ghost, journeyman KoEn
Lair:1 exclusions: electric eel and 3 more exclusions
Lair:2 1 runed translucent door, Xudgha's ghost, journeyman MiFi Gauntlet 16 transporters


Innate Abilities, Weirdness & Mutations

You have claws for feet.
A weak demonic guardian rushes to your aid.
You regenerate health from kills.
Your magical and physical power is slightly enhanced at high health.
Your movements are slightly less encumbered by armour. (ER -2)
You have a pair of small antennae on your head.
You have sharp fingernails.
Armour fits poorly on your strangely shaped body.
Your system is resistant to poisons. (rPois)
You are robust. (+10% HP)


Message History

The hell hound barks!
The fire dragon bites you. The fire dragon claws you!
The fire dragon tramples you but does no damage.
You hit the fire dragon. You freeze the fire dragon. You claw the fire dragon.
The fire dragon is moderately wounded.
You block the fire dragon's attack.
The fire dragon claws you but does no damage.
The fire dragon tramples you!
You stumble backwards!
Okay, then.
Okay, then.
The wolf howls!
The moth of wrath's fur bristles in rage as it notices you.
You thump the fire dragon! You freeze the fire dragon!
You claw the fire dragon!
The fire dragon is severely wounded.
The ooze changes into a hound!
The fire dragon breathes flames at you. The blast of flame hits you!!!
You die...
Your body crumbles into a pile of gold.

#.##P.#P#.P##.#####P^.###.#....©.
#.#.#P.#.P#.#.##^..#....#.#..##^#
#.#..#P©P#..#.##.##h##.©#.#.##...
#.#...#P#...#.###..#.##.#.#^#....
#.#....#....#.#.b#b##t.##.#......
#################################
.......©#≈≈≈≈8≈≈≈≈#©...........©.
###############################.#
§≈#©.........©5D@......©#§≈8≈≈#.#
###############################.#
......#.#....©h.y.#.#h.....^.h#.#
#.#.#.#.#.##...##.#.#h.##^##.h#.#
.#.#..#.#.#.###.#.#.#h#y.#..#h#.#
#.#.#3#.#..##.##..#.#h#.©#..#h#.#
.©.#.4#.#....©....#.#..#####.h#©#
#.#.#.#.#..##.##..#.#.#..#.^#h###
.#.#..#.#.#.###.#.#.#.#..#..#y#..


You could see a fire dragon shaped shifter, a fire crab, a moth of wrath, a
hornet shaped shifter, a hell hound, 2 fire bats, 4 wolves, a hound shaped
shifter and a friendly iron imp.

Vanquished Creatures
  Gastronok (Lair:1)
  3 hydras
  Harold (D:8)
  Erica (D:8)
  2 two-headed ogres
  4 elephants
  Psyche (D:8)
  Maurice (D:8)
  2 centaur zombies (D:11)
  Joseph (D:9)
  4 merfolk sirens (Lair:2)
  5 spiny frogs
  3 black mambas
  A rime drake (Lair:2)
  3 komodo dragons
  A troll (D:10)
  A polar bear (Lair:3)
  A hornet (D:11)
  6 hippogriffs
  A spriggan (D:7)
  6 yaks
  A basilisk (Lair:1)
  2 chaos spawn (D:9)
  2 wargs (D:11)
  Edmund (D:6)
  7 water moccasins
  7 porcupines
  An ice beast (D:10)
  7 orc warriors
  5 black bears
  3 sky beasts
  3 ogres
  A centaur (D:9)
  5 wolves (Lair:2)
  3 crocodiles
  A big kobold (D:11)
  6 bullfrogs
  A wyvern zombie (D:8)
  3 scorpions
  A wyvern skeleton (D:11)
  4 killer bees
  15 wights
  An electric eel (Lair:1)
  6 crimson imps
  2 jellies
  5 hounds
  8 orc priests
  A centaur skeleton (D:6)
  5 orc wizards
  2 bullfrog skeletons
  4 worker ants
  2 killer bee zombies (D:6)
  A hound skeleton (D:8)
  Robin (D:2)
  A worker ant zombie (D:9)
  A howler monkey zombie (D:10)
  6 gnolls
  A howler monkey skeleton (D:10)
  12 adders
  A shadow imp (D:8)
  4 oozes
  3 worms
  2 dart slugs (D:1)
  5 leopard geckos
  51 orcs
  7 bats
  3 giant cockroaches
  15 goblins
  11 hobgoblins
  6 jackals
  16 kobolds
  3 quokkas
  2 ball pythons
  3 frilled lizards
  A leopard gecko skeleton (D:5)
  5 rats
325 creatures vanquished.

Vanquished Creatures (collateral kills)
  Nergalle (Lair:3)
  Sonja (D:11)
  A black mamba (Lair:1)
  A komodo dragon (Lair:2)
  A hippogriff (D:9)
  A wyvern (Lair:2)
  A yak (D:11)
  A phantom (D:9)
  A crocodile (Lair:1)
  A bullfrog (Lair:2)
  2 wights
  An orc priest (D:6)
  2 orc wizards
  An adder (D:7)
  A gnoll (D:6)
  An ooze (D:4)
  2 orcs (D:6)
20 creatures vanquished.

Vanquished Creatures (others)
  3 demonic plants (Gauntlet)
  2 fungi
  3 plants (Gauntlet)
8 creatures vanquished.

Grand Total: 353 creatures vanquished

Notes
Turn   | Place    | Note
-------+----------+-------------------------------------------
     0 | D:1      | FishyPogo the Demonspawn Gladiator began the quest for the
                  | Orb.
     0 | D:1      | Reached XP level 1. HP: 16/16 MP: 1/1
    54 | D:1      | Gained mutation: You have sharp toenails. [demonic
                  | ancestry]
    54 | D:1      | Reached XP level 2. HP: 1/22 MP: 2/2
   618 | D:1      | Gained mutation: You have razor-sharp toenails. [demonic
                  | ancestry]
   618 | D:1      | Reached XP level 3. HP: 12/28 MP: 3/3
   641 | D:1      | Reached skill level 1 in Armour
  1602 | D:2      | Reached XP level 4. HP: 34/34 MP: 4/4
  1681 | D:2      | Reached skill level 3 in Fighting
  1689 | D:2      | Noticed Robin
  1701 | D:2      | Killed Robin
  1918 | D:2      | Found a bloodstained altar of Trog.
  2171 | D:3      | Gained mutation: A weak demonic guardian rushes to your
                  | aid. [demonic ancestry]
  2171 | D:3      | Reached XP level 5. HP: 38/41 MP: 5/5
  2332 | D:3      | Reached skill level 1 in Slings
  2661 | D:3      | Found a shimmering altar of Xom.
  2879 | D:4      | Found a basalt altar of Yredelemnul.
  2906 | D:4      | Reached XP level 6. HP: 40/48 MP: 6/6
  3063 | D:4      | Reached skill level 4 in Fighting
  3102 | D:4      | Found a shadowy altar of Dithmenos.
  3480 | D:4      | Found a glowing golden altar of the Shining One.
  3592 | D:4      | Noticed an angel
  3932 | D:5      | Entered Level 5 of the Dungeon
  4344 | D:5      | Found a shattered altar of Ashenzari.
  4636 | D:6      | Reached skill level 1 in Shields
  4730 | D:6      | Gained mutation: You regenerate a little health from kills.
                  | [demonic ancestry]
  4730 | D:6      | Reached XP level 7. HP: 35/54 MP: 7/7
  4855 | D:6      | Noticed Edmund
  4872 | D:6      | Killed Edmund
  5193 | D:6      | Gained mutation: Your movements are slightly less
                  | encumbered by armour. (ER -2) [demonic ancestry]
  5193 | D:6      | Reached XP level 8. HP: 58/61 MP: 8/8
  5196 | D:6      | Reached skill level 5 in Fighting
  5997 | D:7      | Found a staircase to the Ecumenical Temple.
  6004 | D:7      | Noticed a hippogriff
  6012 | D:7      | Killed a hippogriff
  6230 | D:7      | Found a blossoming altar of Fedhas.
  6331 | D:7      | Reached skill level 6 in Fighting
  6492 | D:6      | Noticed a rust devil
  6492 | D:6      | Noticed a rust devil
  6844 | D:7      | Reached skill level 7 in Fighting
  6878 | D:7      | Reached skill level 5 in Armour
  6878 | D:7      | Gained mutation: You have claws for feet. [demonic
                  | ancestry]
  6878 | D:7      | Reached XP level 9. HP: 22/72 MP: 9/9
  6882 | D:7      | HP: 3/72 [yak (14)]
  6915 | D:7      | Reached skill level 8 in Fighting
  7534 | D:8      | Found a white marble altar of Elyvilon.
  7564 | D:8      | Found a glowing golden altar of the Shining One.
  7790 | D:8      | Noticed Erica
  7807 | D:8      | Killed Erica
  7807 | D:8      | Reached skill level 9 in Fighting
  7995 | D:8      | Found a sacrificial altar of Ru.
  7996 | D:8      | Found a shimmering blue altar of Sif Muna.
  7997 | D:8      | Found a stormy altar of Qazlal.
  8140 | D:8      | Noticed Psyche
  8152 | D:8      | Killed Psyche
  8152 | D:8      | Reached skill level 10 in Fighting
  8152 | D:8      | Reached XP level 10. HP: 81/85 MP: 10/10
  8242 | D:8      | Noticed Harold
  8242 | D:8      | Noticed Maurice
  8252 | D:8      | Gained mutation: Your spells are a little easier to cast,
                  | but a little less powerful. [potion of mutation]
  8252 | D:8      | Gained mutation: You tend to lose your temper in combat.
                  | [potion of mutation]
  8252 | D:8      | Gained mutation: You are robust. (+10% HP) [potion of
                  | mutation]
  8278 | D:8      | Killed Harold
  8287 | D:8      | Killed Maurice
  8287 | D:8      | Reached skill level 5 in Maces & Flails
  8514 | D:9      | Found a shimmering altar of Xom.
  8516 | D:9      | Found the +7 mace of Variability {chain chaos}
  8586 | D:9      | Noticed Joseph
  8604 | D:9      | Killed Joseph
  8765 | D:9      | Found a hide-covered altar of Uskayaw.
  8932 | D:9      | Found a runed translucent gate.
  8932 | D:9      | Found a runed translucent gate.
  8933 | D:9      | Found a runed translucent gate.
  8934 | D:9      | Noticed a spectral centaur warrior
  8935 | D:9      | Noticed kalodont's ghost (journeyman KoEn)
  8935 | D:9      | Noticed a spectral centaur warrior
  9079 | D:9      | Found an opulent altar of Gozag.
  9094 | D:9      | Became a worshipper of Gozag Ym Sagoz the Greedy
  9297 | D:9      | Found a staircase to the Lair.
  9700 | D:9      | Lost mutation: Your spells are a little easier to cast, but
                  | a little less powerful. [potion of mutation]
  9700 | D:9      | Lost mutation: You tend to lose your temper in combat.
                  | [potion of mutation]
  9700 | D:9      | Gained mutation: Your spells are a little easier to cast,
                  | but a little less powerful. [potion of mutation]
  9700 | D:9      | Gained mutation: Armour fits poorly on your strangely
                  | shaped body. [potion of mutation]
  9700 | D:9      | Gained mutation: You have sharp fingernails. [potion of
                  | mutation]
  9700 | D:9      | Gained mutation: You are very robust. (+20% HP) [potion of
                  | mutation]
  9701 | D:9      | Lost mutation: Your spells are a little easier to cast, but
                  | a little less powerful. [potion of mutation]
  9701 | D:9      | Lost mutation: You are very robust. (+20% HP) [potion of
                  | mutation]
  9701 | D:9      | Gained mutation: You have a pair of small antennae on your
                  | head. [potion of mutation]
  9701 | D:9      | Gained mutation: Your system is resistant to poisons.
                  | (rPois) [potion of mutation]
  9736 | D:10     | Entered Level 10 of the Dungeon
  9789 | D:10     | Reached skill level 1 in Long Blades
  9850 | D:10     | Reached skill level 11 in Fighting
 10087 | D:10     | Noticed a two-headed ogre
 10092 | D:10     | Killed a two-headed ogre
 10092 | D:10     | Gained mutation: You regenerate health from kills. [demonic
                  | ancestry]
 10092 | D:10     | Reached XP level 11. HP: 78/102 MP: 11/11
 10193 | D:11     | Noticed Sonja
 10207 | D:11     | Killed Sonja
 10272 | D:11     | Noticed a two-headed ogre
 10288 | D:11     | Killed a two-headed ogre
 10362 | D:11     | Learned a level 3 spell: Call Canine Familiar
 10575 | D:10     | Reached skill level 1 in Summonings
 10681 | D:10     | Reached skill level 5 in Shields
 10853 | D:10     | Found Qiugyg's Gadget Emporium.
 11232 | D:11     | Found a staircase to the Orcish Mines.
 11574 | D:12     | Noticed a death yak
 11671 | Lair:1   | Entered Level 1 of the Lair of Beasts
 11721 | Lair:1   | Noticed a five-headed hydra
 11750 | Lair:1   | Killed a five-headed hydra
 12077 | Lair:1   | Noticed Gastronok
 12102 | Lair:1   | Killed Gastronok
 12102 | Lair:1   | Gained mutation: Your magical and physical power is
                  | slightly enhanced at high health. [demonic ancestry]
 12102 | Lair:1   | Reached XP level 12. HP: 111/112 MP: 12/12
 12378 | Lair:1   | Noticed an eight-headed hydra
 12395 | Lair:1   | Killed an eight-headed hydra
 12768 | Lair:2   | Reached skill level 12 in Fighting
 12950 | Lair:2   | Reached skill level 10 in Armour
 12970 | Lair:2   | Found a staircase to the Shoals.
 12989 | Lair:2   | Got a heavily runed plate armour
 13000 | Lair:2   | Identified the +0 plate armour of the Mind {Int+6} (You
                  | found it on level 2 of the Lair of Beasts)
 13071 | Lair:2   | Noticed a seven-headed hydra
 13079 | Lair:2   | Killed a seven-headed hydra
 13377 | Lair:2   | Found a runed translucent door.
 13634 | Lair:2   | Noticed Xudgha's ghost (journeyman MiFi)
 13647 | Lair:3   | Noticed Nergalle
 13733 | Lair:3   | Killed Nergalle
 13771 | Lair:3   | Found a hole to the Spider Nest.
 13786 | Lair:3   | Got a scorched leather armour
 13792 | Lair:3   | Identified the +2 leather armour of the Curious Deaths
                  | {-Tele rC++ Int+5} (You found it on level 3 of the Lair of
                  | Beasts)
 14315 | Lair:3   | Identified a scroll of acquirement
 14571 | Lair:4   | Found a gate leading to a gauntlet.
 14582 | Gauntlet | Entered a Gauntlet
 14582 | Gauntlet | Found a transporter.
 14592 | Gauntlet | Found a transporter.
 14599 | Gauntlet | Found a transporter.
 14601 | Gauntlet | Found a transporter.
 14623 | Gauntlet | Found a transporter.
 14628 | Gauntlet | Found a transporter.
 14632 | Gauntlet | Noticed a death yak
 14633 | Gauntlet | Noticed a death yak
 14635 | Gauntlet | Noticed a death yak
 14637 | Gauntlet | Noticed a death yak
 14647 | Gauntlet | Found a transporter.
 14662 | Gauntlet | Noticed a green death
 14664 | Gauntlet | Found a transporter.
 14694 | Gauntlet | Found a transporter.
 14699 | Gauntlet | Found a transporter.
 14718 | Gauntlet | Found a transporter.
 14724 | Gauntlet | Found a transporter.
 14743 | Gauntlet | Found a transporter.
 14743 | Gauntlet | Noticed a hell beast
 14748 | Gauntlet | Found a transporter.
 14750 | Gauntlet | Found a transporter.
 14768 | Gauntlet | Found a transporter.
 14768 | Gauntlet | Noticed a hell beast
 14773 | Gauntlet | Found a transporter.
 14821 | Gauntlet | Found a transporter.
 14843 | Gauntlet | Noticed an anaconda
 14865 | Gauntlet | Noticed a fire dragon
 14865 | Gauntlet | an anaconda changed into a fire dragon
 14892 | Gauntlet | Killed from afar by a fire dragon (shapeshifter)

Levels and vault maps discovered:
D:1:      eino_arrival_water_star, layout_rooms, serial_bayou_pond_e,
          serial_bayou_pond_e, minmay_tromino_v7
D:2:      layout_basic, overflow_temple_1_default, first_ration, uniq_robin
D:3:      layout_rooms, lemuel_coloured_pillars_altar
D:4:      layout_layer_cave, grunt_temple_overflow_holy_war, lemuel_round_altar
D:5:      layout_basic, kennysheep_little_box
D:6:      cheibrodos_iron_armory, layout_layer_cave, uniq_edmund
D:7:      layout_basic, fedhas_altar_2, minmay_temple_entry_drinking_statues,
          the_bakery
D:8:      layout_basic, elyvilon_altar_1, gammafunk_temple_overflow_forgotten,
          basic_altar, uniq_psyche, uniq_erica, uniq_harold, uniq_maurice
D:9:      layout_basic, lemuel_doored_altar, nicolae_overflow_crystal_walls,
          lair_entry_dummy, gammafunk_ghost_necromancy,
          minmay_guarded_unrand_variability, uniq_joseph
D:10:     layout_roguey [special_room_orc], serial_shops, kennysheep_mini
D:11:     layout_irregular_city, david_orc_1_choice, corexii_checkpoint_a,
          chequers_serial_rivers_large_a, minmay_unpleasant_kobolds, uniq_sonja
D:12:     layout_loops_ring, serial_ice, serial_ice_k, serial_ice_m,
          serial_ice_c, serial_ice_o, serial_ice_h, uniq_jorgrun, uniq_kirke
Lair:1:   layout_cave_pods, nicolae_quartered_pool_little, grunt_megastairs_2,
          uniq_gastronok
Lair:2:   layout_big_grid, elwin_shoals_entry_stream,
          ebering_ghost_reflecting_pool, minivault_23
Lair:3:   layout_cave_pods, dummy_spider_entry, uniq_nergalle
Lair:4:   layout_regular_city, gauntlet_entry_generic, st_stairs_13,
          chequers_serial_rivers_small_b, beast_lair_carwin_4
Gauntlet: gammafunk_gauntlet_one_two_three [gammafunk_gauntlet_arena_corners,
          gammafunk_gauntlet_arena_grid, nicolae_gauntlet_arena_quarters,
          nicolae_gauntlet_arena_x, gammafunk_gauntlet_arena_split_diamond,
          gammafunk_gauntlet_arena_arrow_garden, gammafunk_gauntlet_arena_mazey,
          gammafunk_gauntlet_arena_split_x, nicolae_gauntlet_swirl,
          gauntlet_exit_green]

Skill      XL: |  1  2  3  4  5  6  7  8  9 10 11 12 |
---------------+-------------------------------------+-----
Throwing       | 2 |  2.0
Maces & Flails | 3 4 6 |  6.0
Armour         | 1 2 3 5 6 8 9 11 | 11.0
Dodging        | 3 |  3.0
Fighting       | 3 4 7 10 11 12 | 12.3
Slings         | 1 2 3 |  3.7
Shields        | 1 3 4 6 8 |  8.8
Long Blades    | 2 3 |  3.2
Summonings     | 4 |  4.5
Evocations     | |  0.2

Action                   |  1- 3 |  4- 6 |  7- 9 | 10-12 || total
-------------------------+-------+-------+-------+-------++-------
Melee: Flail             |   114 |    62 |       |       ||   176
       Kick              |    23 |    17 |    62 |   133 ||   235
       Mace              |       |     3 |   198 |   307 ||   508
       Great mace        |       |       |       |    54 ||    54
 Fire: Hunting sling     |       |   144 |    22 |   206 ||   372
Throw: Stone             |       |       |    25 |     6 ||    31
       Dart              |       |       |    12 |    10 ||    22
       Boomerang         |       |       |       |    11 ||    11
 Cast: Call Canine Famil |       |       |       |     4 ||     4
Invok: Potion Petition   |       |       |       |     1 ||     1
  Use: Potion            |       |       |     1 |    11 ||    12
       Scroll            |       |       |       |    22 ||    22
 Stab: Sleeping          |       |     1 |       |       ||     1
       Distracted        |       |       |       |     5 ||     5
  Eat: Chunk             |     2 |    10 |    11 |     1 ||    24
       Ration            |       |       |       |     6 ||     6
Armor: Leather armour    |    39 |    28 |     3 |       ||    70
       Ring mail         |       |       |    48 |   117 ||   165
       Skin              |       |       |     3 |     2 ||     5
Dodge: Dodged            |    93 |    81 |    92 |   248 ||   514
Block: Buckler           |       |       |    38 |    71 ||   109
